Sharks vs Blues

Created - 22 février 2018 at 20:09

Goals
1 2 3 T
Sharks 0 2 1 3
Blues 0 2 0 2
Shots
1 2 3 T
Sharks 14 12 11 37
Blues 6 18 10 34

1st period

No Goal

Penalties :
No Penalty

2nd period

1. Blues , Jori Lehtera 5 (Matt Martin 4) at 6:23
2. Blues , Cody Eakin 9 (Andrew Cogliano 9) at 8:00
3. Sharks , Braydon Coburn 4 (Sidney Crosby 40, Gabriel Landeskog 17) at 9:28
4. Sharks , Jonathan Huberdeau 24 (Zach Werenski 11, Sidney Crosby 41) at 18:05

Penalties :
Dan Girardi (SJS) for Roughing (Minor) at 3:59, Sidney Crosby (SJS) for Hooking (Minor) at 14:54, Andrew Cogliano (STL) for Boarding (Minor) at 18:29

3rd period

5. Sharks , Colton Sceviour 5 (Braydon Coburn 16) at 4:53

Penalties :
No Penalty

Goalie Stats

Jake Allen (SJS), 32 saves from 34 shots - (0,941), W, 25-11-2, 60:00 minutes
Calvin Pickard (STL), 34 saves from 37 shots - (0,919), L, 7-8-1, 59:43 minutes

Players Stats for Sharks

Player Name              G  A  P  +/- PIM S  H  SB GA TA FO     MP     PP MP  PK MP  
------------------------------------------------------------------------------------
Alex Pietrangelo         0  0  0   1  0   2  0  2  0  4  0/0    25:04   1:16   2:29 
Boone Jenner             0  0  0   1  0   1  4  1  0  0  4/7    13:22   0:00   1:29 
Braydon Coburn           1  1  2   2  0   1  2  2  0  1  0/0    24:30   1:16   2:24 
Brian Gibbons            0  0  0   1  0   2  0  0  2  1  0/0     9:18   0:00   1:29 
Colton Sceviour          1  0  1   1  0   3  0  0  0  0  4/7     9:55   0:00   2:06 
Dan Girardi              0  0  0  -2  2   1  0  2  0  1  0/0    18:44   0:00   0:40 
Dylan Larkin             0  0  0   0  0   2  1  0  0  0  7/15   17:05   0:46   0:00 
Gabriel Landeskog        0  1  1   0  0   0  3  1  0  2  0/0    17:26   0:46   0:00 
Jonathan Drouin          0  0  0   0  0   1  0  0  1  0  1/4    18:40   0:46   0:00 
Jonathan Huberdeau       1  0  1   0  0   4  1  0  2  0  0/0    14:46   1:13   0:13 
Justin Braun             0  0  0  -1  0   1  0  1  0  1  0/0    20:09   0:43   1:34 
Mikkel Boedker           0  0  0   0  0   4  2  1  0  0  0/1    14:08   0:00   0:39 
Patric Hornqvist         0  0  0   0  0   2  4  0  1  1  0/0    17:18   1:13   0:00 
Sidney Crosby            0  2  2   0  2   6  1  1  0  0  9/16   17:44   1:13   0:00 
Steve Bernier            0  0  0   1  0   3  3  0  0  1  0/0     9:49   0:00   2:00 
Teuvo Teravainen         0  0  0   0  0   2  0  1  1  1  0/3    16:05   0:00   0:00 
Tyson Barrie             0  0  0   0  0   0  0  0  0  2  0/0    16:04   0:43   0:00 
Zach Werenski            0  1  1   1  0   2  1  1  1  0  0/0    15:53   0:00   0:49 

Players Stats for Blues

Player Name              G  A  P  +/- PIM S  H  SB GA TA FO     MP     PP MP  PK MP  
------------------------------------------------------------------------------------
Alexey Marchenko         0  0  0  -1  0   1  0  0  0  0  0/0    20:01   1:28   0:52 
Andrew Cogliano          0  1  1   0  2   3  1  1  4  0  8/20   22:18   2:08   0:00 
Brenden Dillon           0  0  0   0  0   0  0  1  0  1  0/0    24:52   2:30   1:07 
Clarke MacArthur         0  0  0   0  0   3  2  0  2  1  1/1    16:34   1:46   0:01 
Cody Eakin               1  0  1   0  0   4  1  0  2  0  1/1    19:01   2:09   1:25 
David Schlemko           0  0  0  -1  0   0  0  0  0  0  0/0    20:01   1:28   0:52 
Jamie McGinn             0  0  0   0  0   4  1  2  0  0  1/1    16:33   1:46   0:00 
Jordan Oesterle          0  0  0   0  0   1  0  1  1  2  0/0    13:52   0:00   0:00 
Jori Lehtera             1  0  1  -1  0   6  0  0  0  0  8/11   17:28   0:00   0:51 
Kevin Porter             0  0  0   0  0   2  0  0  3  0  3/4    10:23   0:03   0:00 
Marcus Kruger            0  0  0   0  0   1  0  2  0  1  4/9    16:33   1:46   0:00 
Mark Fayne               0  0  0   0  0   0  1  1  0  1  0/0    13:52   0:00   0:00 
Matt Martin              0  1  1  -1  0   1  0  0  0  0  2/4    15:51   0:00   1:01 
Melker Karlsson          0  0  0   0  0   0  5  0  0  2  0/2    17:38   2:08   0:40 
Nate Thompson            0  0  0   0  0   0  0  0  0  0  0/0     3:58   0:04   0:00 
Rene Bourque             0  0  0  -1  0   4  0  0  3  0  0/0    15:16   0:04   0:00 
Ryan Reaves              0  0  0   0  0   0  0  0  0  0  0/0     8:57   0:00   0:00 
Trevor Daley             0  0  0   0  0   4  1  2  0  0  0/0    24:52   2:30   1:07 

3 Stars

1 - Braydon Coburn (SJS)
2 - Jake Allen (SJS)
3 - Colton Sceviour (SJS)

Power Play

Sharks - 0 on 1 Attempt(s) - 0,00%
Blues - 0 on 2 Attempt(s) - 0,00%

Penalty Kill

Sharks - 2 on 2 Attempt(s) - 100,00% - Score 0 goal in Penalty Kill
Blues - 1 on 1 Attempt(s) - 100,00% - Score 0 goal in Penalty Kill

Team Stat

Sharks - Hits : 22 - Faceoff Wins : 25 - Blocked Shots : 13 - Penalty Minutes : 4
Blues - Hits : 12 - Faceoff Wins : 28 - Blocked Shots : 10 - Penalty Minutes : 2

Official

Referees : Brian Pochmara and Kelly Sutherland
Linesman : Steve Barton and Don Henderson

Game Notes

No Game Note

Finance

Level 1 -- Attendance: 4622 (77,03%) -- Ticket Income 462 200 $
Level 2 -- Attendance: 5000 (100,00%) -- Ticket Income 300 000 $
Level 3 -- Attendance: 1465 (73,25%) -- Ticket Income 58 600 $
Level 4 -- Attendance: 2562 (64,05%) -- Ticket Income 76 860 $
Luxury Box -- Attendance: 698 (69,80%) -- Ticket Income 139 600 $
Game was played at the St.Louis Garden.
Total Attendance: 14347 (79,71%)
Total Ticket Income: 1 037 260 $
Other Income: 508 257 $
Total Income: 1 545 517 $

Sharks

5 vs 5 Forward 
   Center                   Left Wing                Right Wing               Time % Phy DF OF 
 1 Sidney Crosby            Gabriel Landeskog        Jonathan Drouin          36     0   1  4  
 2 Dylan Larkin             Patric Hornqvist         Teuvo Teravainen         34     0   1  4  
 3 Boone Jenner             Jonathan Huberdeau       Mikkel Boedker           25     0   1  4  
 4 Colton Sceviour          Brian Gibbons            Steve Bernier            5      0   1  4  

5 vs 5 Defense 
   Defense                  Defense                                           Time % Phy DF OF 
 1 Alex Pietrangelo         Braydon Coburn                                    36     0   1  4  
 2 Justin Braun             Dan Girardi                                       34     0   1  4  
 3 Zach Werenski            Tyson Barrie                                      30     0   1  4  
 4 Alex Pietrangelo         Braydon Coburn                                    0      0   1  4  

PowerPlay Forward 
   Center                   Left Wing                Right Wing               Time % Phy DF OF 
 1 Sidney Crosby            Jonathan Huberdeau       Patric Hornqvist         55     0   1  4  
 2 Dylan Larkin             Jonathan Drouin          Gabriel Landeskog        45     0   1  4  

PowerPlay Defense
   Defense                  Defense                                           Time % Phy DF OF 
 1 Alex Pietrangelo         Braydon Coburn                                    55     0   1  4  
 2 Justin Braun             Tyson Barrie                                      45     0   1  4  

Penalty Kill 4 Players Forward 
   Center                   Wing                     Time % Phy DF OF 
 1 Colton Sceviour          Steve Bernier            55     0   5  0  
 2 Boone Jenner             Brian Gibbons            45     0   5  0  

Penalty Kill 4 Players Defense
   Defense                  Defense                  Time % Phy DF OF 
 1 Alex Pietrangelo         Braydon Coburn           55     0   5  0  
 2 Justin Braun             Dan Girardi              45     0   5  0  

Penalty Kill - 3 Players Forward 
   Forward                                           Time % Phy DF OF 
 1 Colton Sceviour                                   55     1   4  0  
 2 Steve Bernier                                     45     1   4  0  

Penalty Kill - 3 Players Defense
   Defense                  Defense                  Time % Phy DF OF 
 1 Alex Pietrangelo         Braydon Coburn           55     1   4  0  
 2 Justin Braun             Dan Girardi              45     1   4  0  

4 vs 4 Forward 
   Center                   Wing                     Time % Phy DF OF 
 1 Dylan Larkin             Jonathan Drouin          55     1   2  2  
 2 Colton Sceviour          Steve Bernier            45     1   2  2  

4 vs 4 Defense
   Defense                  Defense                  Time % Phy DF OF 
 1 Alex Pietrangelo         Braydon Coburn           55     1   2  2  
 2 Justin Braun             Dan Girardi              45     1   2  2  

Last Minutes Offensive
   Center                   Left Wing                Right Wing               Defense                  Defense                  
   Sidney Crosby            Gabriel Landeskog        Jonathan Drouin          Justin Braun             Alex Pietrangelo         

Last Minutes Defensive
   Center                   Left Wing                Right Wing               Defense                  Defense                  
   Sidney Crosby            Gabriel Landeskog        Jonathan Drouin          Justin Braun             Alex Pietrangelo         

Goaltenders
Starting : Jake Allen               
Backup : Joonas Korpisalo         

Extra Forwards
Normal : Boone Jenner, Dylan Larkin, Mikkel Boedker - PP : Boone Jenner, Dylan Larkin - PK : Mikkel Boedker
Extra Defensemen
Normal : Zach Werenski, Dan Girardi, Justin Braun - PP : Zach Werenski - PK : Dan Girardi, Justin Braun
Penalty Shots
Sidney Crosby, Gabriel Landeskog, Jonathan Huberdeau, Jonathan Drouin, Patric Hornqvist
Custom OT Lines Forwards
Sidney Crosby, Gabriel Landeskog, Jonathan Huberdeau, Jonathan Drouin, Patric Hornqvist, Boone Jenner, Teuvo Teravainen, Dylan Larkin, Mikkel Boedker, Colton Sceviour
Custom OT Lines Defensemen
Justin Braun, Braydon Coburn, Tyson Barrie, Dan Girardi, Zach Werenski

Scratches
Mark Borowiecki (Healthy), Kenny Agostino (Healthy)

Blues

5 vs 5 Forward 
   Center                   Left Wing                Right Wing               Time % Phy DF OF 
 1 Andrew Cogliano          Cody Eakin               Melker Karlsson          40     1   2  2  
 2 Marcus Kruger            Clarke MacArthur         Jamie McGinn             30     1   2  2  
 3 Jori Lehtera             Rene Bourque             Matt Martin              20     1   2  2  
 4 Kevin Porter             Ryan Reaves              Andrew Cogliano          10     1   2  2  

5 vs 5 Defense 
   Defense                  Defense                                           Time % Phy DF OF 
 1 Trevor Daley             Brenden Dillon                                    40     1   2  2  
 2 Alexey Marchenko         David Schlemko                                    30     1   2  2  
 3 Mark Fayne               Jordan Oesterle                                   20     1   2  2  
 4 Trevor Daley             Brenden Dillon                                    10     1   2  2  

PowerPlay Forward 
   Center                   Left Wing                Right Wing               Time % Phy DF OF 
 1 Andrew Cogliano          Cody Eakin               Melker Karlsson          60     1   2  2  
 2 Marcus Kruger            Clarke MacArthur         Jamie McGinn             40     1   2  2  

PowerPlay Defense
   Defense                  Defense                                           Time % Phy DF OF 
 1 Trevor Daley             Brenden Dillon                                    60     1   2  2  
 2 Alexey Marchenko         David Schlemko                                    40     1   2  2  

Penalty Kill 4 Players Forward 
   Center                   Wing                     Time % Phy DF OF 
 1 Andrew Cogliano          Cody Eakin               60     1   2  2  
 2 Clarke MacArthur         Marcus Kruger            40     1   2  2  

Penalty Kill 4 Players Defense
   Defense                  Defense                  Time % Phy DF OF 
 1 Trevor Daley             Brenden Dillon           60     1   2  2  
 2 Alexey Marchenko         David Schlemko           40     1   2  2  

Penalty Kill - 3 Players Forward 
   Forward                                           Time % Phy DF OF 
 1 Andrew Cogliano                                   60     1   2  2  
 2 Cody Eakin                                        40     1   2  2  

Penalty Kill - 3 Players Defense
   Defense                  Defense                  Time % Phy DF OF 
 1 Trevor Daley             Brenden Dillon           60     1   2  2  
 2 Alexey Marchenko         David Schlemko           40     1   2  2  

4 vs 4 Forward 
   Center                   Wing                     Time % Phy DF OF 
 1 Andrew Cogliano          Cody Eakin               60     1   2  2  
 2 Clarke MacArthur         Marcus Kruger            40     1   2  2  

4 vs 4 Defense
   Defense                  Defense                  Time % Phy DF OF 
 1 Trevor Daley             Brenden Dillon           60     1   2  2  
 2 Alexey Marchenko         David Schlemko           40     1   2  2  

Last Minutes Offensive
   Center                   Left Wing                Right Wing               Defense                  Defense                  
   Andrew Cogliano          Cody Eakin               Melker Karlsson          Trevor Daley             Brenden Dillon           

Last Minutes Defensive
   Center                   Left Wing                Right Wing               Defense                  Defense                  
   Andrew Cogliano          Cody Eakin               Melker Karlsson          Trevor Daley             Brenden Dillon           

Goaltenders
Starting : Calvin Pickard           
Backup : Tom McCollum             

Extra Forwards
Normal : Nate Thompson, Rene Bourque, Matt Martin - PP : Nate Thompson, Rene Bourque - PK : Matt Martin
Extra Defensemen
Normal : Mark Fayne, Jordan Oesterle, Alexey Marchenko - PP : Mark Fayne - PK : Jordan Oesterle, Alexey Marchenko
Penalty Shots
Andrew Cogliano, Cody Eakin, Clarke MacArthur, Marcus Kruger, Melker Karlsson
Custom OT Lines Forwards
Andrew Cogliano, Cody Eakin, Clarke MacArthur, Marcus Kruger, Melker Karlsson, Jamie McGinn, Rene Bourque, Matt Martin, Jori Lehtera, Ryan Reaves
Custom OT Lines Defensemen
Trevor Daley, Brenden Dillon, Alexey Marchenko, David Schlemko, Mark Fayne

Scratches
Scott Mayfield (Right Hand Injury), Kevin Gravel (Healthy), Jordan Szwarz (Healthy)

% Time on Ice - Sharks

Lines # - Real PCT - Wanted PCT - Time Play
Normal Forward
1 - 31% - 36% - 16:45
2 - 33% - 34% - 17:48
3 - 21% - 25% - 11:29
4 - 15% - 5% - 7:49
Normal Defense
1 - 33% - 36% - 17:51
2 - 33% - 34% - 17:44
3 - 29% - 30% - 15:21
4 - 5% - 0% - 2:55
PP Forward
1 - 61% - 55% - 1:13
2 - 39% - 45% - 0:46
PP Defense
1 - 64% - 55% - 1:16
2 - 36% - 45% - 0:43
PK Forward
1 - 63% - 55% - 2:29
2 - 37% - 45% - 1:29
PK Defense
1 - 55% - 55% - 2:11
2 - 45% - 45% - 1:47
PK3 Forward
1 - 0% - 55%
2 - 0% - 45%
PK3 Defense
1 - 0% - 55%
2 - 0% - 45%
44 Forward
1 - 0% - 55%
2 - 0% - 45%
44 Defense
1 - 0% - 55%
2 - 0% - 45%
Last Minute Offensive  - 0:00
Last Minute Defensive  - 0:12
Total
Forward - 60:00
Defense - 60:00

% Time on Ice - Blues

Lines # - Real PCT - Wanted PCT - Time Play
Normal Forward
1 - 26% - 40% - 13:32
2 - 31% - 30% - 16:30
3 - 28% - 20% - 14:47
4 - 15% - 10% - 8:00
Normal Defense
1 - 37% - 40% - 19:37
2 - 33% - 30% - 17:41
3 - 26% - 20% - 13:52
4 - 3% - 10% - 1:39
PP Forward
1 - 55% - 60% - 2:12
2 - 45% - 40% - 1:46
PP Defense
1 - 63% - 60% - 2:30
2 - 37% - 40% - 1:28
PK Forward
1 - 100% - 60% - 1:59
2 - 0% - 40% - 0:00
PK Defense
1 - 56% - 60% - 1:07
2 - 44% - 40% - 0:52
PK3 Forward
1 - 0% - 60%
2 - 0% - 40%
PK3 Defense
1 - 0% - 60%
2 - 0% - 40%
44 Forward
1 - 0% - 60%
2 - 0% - 40%
44 Defense
1 - 0% - 60%
2 - 0% - 40%
Last Minute Offensive  - 1:14
Last Minute Defensive  - 0:00
Total
Forward - 60:00
Defense - 60:00

Play by Play

1st period


0:01 of 1st period - Andrew Cogliano wins face-off versus Sidney Crosby in neutral zone.
0:12 of 1st period - Wrist shot by Melker Karlsson.
0:12 of 1st period - Shot Misses the Net.
0:51 of 1st period - Matt Martin is hit by Boone Jenner and loses puck.
1:18 of 1st period - Icing by Ryan Reaves.
1:19 of 1st period - Kevin Porter wins face-off versus Sidney Crosby in Blues zone.
1:34 of 1st period - Snap shot by Andrew Cogliano.
1:34 of 1st period - Shot Misses the Net.
3:27 of 1st period - Slapshot by Kevin Porter.
3:27 of 1st period - Stopped by Jake Allen with a rebound.
4:04 of 1st period - Off-side.
4:05 of 1st period - Marcus Kruger wins face-off versus Dylan Larkin in neutral zone.
4:35 of 1st period - Mark Fayne is hit by Steve Bernier and loses puck.
4:40 of 1st period - Wrist shot by Brian Gibbons.
4:40 of 1st period - Shot Misses the Net.
4:42 of 1st period - Wrist shot by Brian Gibbons.
4:42 of 1st period - Stopped by Calvin Pickard with a rebound.
4:52 of 1st period - Slapshot by Jamie McGinn.
4:52 of 1st period - Shot Misses the Net.
4:54 of 1st period - Slapshot by Trevor Daley.
4:54 of 1st period - Stopped by Jake Allen with a rebound.
4:56 of 1st period - Snap shot by Rene Bourque.
4:56 of 1st period - Shot Blocked by Boone Jenner.
4:58 of 1st period - Slapshot by Trevor Daley.
4:58 of 1st period - Shot Misses the Net.
5:23 of 1st period - Off-side.
5:24 of 1st period - Dylan Larkin wins face-off versus Marcus Kruger in neutral zone.
5:29 of 1st period - Jori Lehtera is hit by Patric Hornqvist.
5:33 of 1st period - Wrist shot by Teuvo Teravainen.
5:33 of 1st period - Stopped by Calvin Pickard without a rebound.
5:34 of 1st period - Dylan Larkin wins face-off versus Marcus Kruger in Blues zone.
5:45 of 1st period - Snap shot by Teuvo Teravainen.
5:45 of 1st period - Stopped by Calvin Pickard with a rebound.
5:47 of 1st period - Slapshot by Zach Werenski.
5:47 of 1st period - Shot Blocked by Jamie McGinn.
5:49 of 1st period - Wrist shot by Dylan Larkin.
5:49 of 1st period - Stopped by Calvin Pickard with a rebound.
5:51 of 1st period - Snap shot by Dylan Larkin.
5:51 of 1st period - Shot Blocked by Jordan Oesterle.
5:53 of 1st period - Slapshot by Zach Werenski.
5:53 of 1st period - Shot Misses the Net.
6:34 of 1st period - Wrist shot by Teuvo Teravainen.
6:34 of 1st period - Shot Blocked by Mark Fayne.
6:38 of 1st period - Snap shot by Dylan Larkin.
6:38 of 1st period - Shot Blocked by Marcus Kruger.
6:40 of 1st period - Snap shot by Tyson Barrie.
6:40 of 1st period - Shot Blocked by Marcus Kruger.
6:42 of 1st period - Slapshot by Zach Werenski.
6:42 of 1st period - Stopped by Calvin Pickard with a rebound.
7:00 of 1st period - Wrist shot by Dylan Larkin.
7:00 of 1st period - Stopped by Calvin Pickard without a rebound.
7:01 of 1st period - Boone Jenner wins face-off versus Jori Lehtera in Blues zone.
7:02 of 1st period - Slapshot by Jonathan Huberdeau.
7:02 of 1st period - Stopped by Calvin Pickard with a rebound.
8:37 of 1st period - Rene Bourque is hit by Sidney Crosby and loses puck.
13:05 of 1st period - Icing by Clarke MacArthur.
13:06 of 1st period - Sidney Crosby wins face-off versus Marcus Kruger in Blues zone.
13:25 of 1st period - Jordan Oesterle is hit by Gabriel Landeskog and loses puck.
14:02 of 1st period - Slapshot by Dylan Larkin.
14:02 of 1st period - Deflect By Steve Bernier.
14:02 of 1st period - Stopped by Calvin Pickard without a rebound.
14:03 of 1st period - Colton Sceviour wins face-off versus Kevin Porter in Blues zone.
14:21 of 1st period - Off-side.
14:22 of 1st period - Jori Lehtera wins face-off versus Teuvo Teravainen in neutral zone.
14:33 of 1st period - Snap shot by Rene Bourque.
14:33 of 1st period - Shot Blocked by Braydon Coburn.
14:35 of 1st period - Slapshot by Trevor Daley.
14:35 of 1st period - Deflect By Rene Bourque.
14:35 of 1st period - Stopped by Jake Allen with a rebound.
14:37 of 1st period - Wrist shot by Rene Bourque.
14:37 of 1st period - Deflect By Jori Lehtera.
14:37 of 1st period - Shot Misses the Net.
14:37 of 1st period - Puck is out of play.
14:38 of 1st period - Boone Jenner wins face-off versus Andrew Cogliano in Sharks zone.
14:43 of 1st period - Cody Eakin is hit by Boone Jenner and loses puck.
14:50 of 1st period - Snap shot by Cody Eakin.
14:50 of 1st period - Stopped by Jake Allen without a rebound.
14:51 of 1st period - Dylan Larkin wins face-off versus Melker Karlsson in Sharks zone.
15:02 of 1st period - Snap shot by Patric Hornqvist.
15:02 of 1st period - Stopped by Calvin Pickard without a rebound.
15:03 of 1st period - Cody Eakin wins face-off versus Dylan Larkin in Blues zone.
15:06 of 1st period - Wrist shot by Teuvo Teravainen.
15:06 of 1st period - Shot Blocked by Trevor Daley.
15:08 of 1st period - Snap shot by Patric Hornqvist.
15:08 of 1st period - Stopped by Calvin Pickard without a rebound.
15:09 of 1st period - Dylan Larkin wins face-off versus Andrew Cogliano in Blues zone.
15:24 of 1st period - Snap shot by Patric Hornqvist.
15:24 of 1st period - Shot Blocked by Trevor Daley.
16:02 of 1st period - Snap shot by Jonathan Huberdeau.
16:02 of 1st period - Stopped by Calvin Pickard with a rebound.
16:38 of 1st period - Wrist shot by Colton Sceviour.
16:38 of 1st period - Stopped by Calvin Pickard with a rebound.
16:58 of 1st period - Wrist shot by Jamie McGinn.
16:58 of 1st period - Stopped by Jake Allen without a rebound.
16:59 of 1st period - Dylan Larkin wins face-off versus Andrew Cogliano in Sharks zone.
17:51 of 1st period - Wrist shot by Andrew Cogliano.
17:51 of 1st period - Stopped by Jake Allen without a rebound.
17:52 of 1st period - Marcus Kruger wins face-off versus Teuvo Teravainen in Sharks zone.
18:42 of 1st period - Slapshot by Zach Werenski.
18:42 of 1st period - Stopped by Calvin Pickard without a rebound.
18:43 of 1st period - Matt Martin wins face-off versus Colton Sceviour in Blues zone.
19:50 of 1st period - Snap shot by Sidney Crosby.
19:50 of 1st period - Stopped by Calvin Pickard with a rebound.
Goals for this period are 0 for Sharks vs 0 for Blues.
Shots for this period are 14 for Sharks vs 6 for Blues.

2nd period


0:01 of 2nd period - Andrew Cogliano wins face-off versus Sidney Crosby in neutral zone.
0:04 of 2nd period - Slapshot by Melker Karlsson.
0:04 of 2nd period - Shot Blocked by Dan Girardi.
0:14 of 2nd period - Dan Girardi is hit by Melker Karlsson and loses puck.
0:32 of 2nd period - Braydon Coburn is hit by Clarke MacArthur and loses puck.
0:50 of 2nd period - Off-side.
0:51 of 2nd period - Jori Lehtera wins face-off versus Colton Sceviour in neutral zone.
0:58 of 2nd period - Slapshot by Jori Lehtera.
0:58 of 2nd period - Stopped by Jake Allen with a rebound.
1:04 of 2nd period - Slapshot by Matt Martin.
1:04 of 2nd period - Shot Misses the Net.
1:06 of 2nd period - Slapshot by Alexey Marchenko.
1:06 of 2nd period - Stopped by Jake Allen without a rebound.
1:07 of 2nd period - Boone Jenner wins face-off versus Andrew Cogliano in Sharks zone.
1:07 of 2nd period - Boone Jenner is hit by Melker Karlsson.
1:13 of 2nd period - Slapshot by Braydon Coburn.
1:13 of 2nd period - Shot Misses the Net.
1:15 of 2nd period - Wrist shot by Boone Jenner.
1:15 of 2nd period - Stopped by Calvin Pickard with a rebound.
1:23 of 2nd period - Jonathan Huberdeau is hit by Melker Karlsson and loses puck.
1:38 of 2nd period - Wrist shot by Sidney Crosby.
1:38 of 2nd period - Stopped by Calvin Pickard with a rebound.
1:40 of 2nd period - Slapshot by Braydon Coburn.
1:40 of 2nd period - Shot Blocked by Jamie McGinn.
1:51 of 2nd period - Icing by Sidney Crosby.
1:52 of 2nd period - Jori Lehtera wins face-off versus Dylan Larkin in Sharks zone.
1:57 of 2nd period - Snap shot by Jori Lehtera.
1:57 of 2nd period - Deflect By Rene Bourque.
1:57 of 2nd period - Shot Misses the Net.
1:57 of 2nd period - Puck is out of play.
1:58 of 2nd period - Jori Lehtera wins face-off versus Dylan Larkin in Sharks zone.
2:25 of 2nd period - Snap shot by Jori Lehtera.
2:25 of 2nd period - Shot Misses the Net.
2:34 of 2nd period - Icing by Trevor Daley.
2:35 of 2nd period - Sidney Crosby wins face-off versus Jori Lehtera in Blues zone.
2:41 of 2nd period - Icing by Rene Bourque.
2:42 of 2nd period - Sidney Crosby wins face-off versus Jori Lehtera in Blues zone.
3:11 of 2nd period - Snap shot by Jonathan Drouin.
3:11 of 2nd period - Shot Misses the Net.
3:21 of 2nd period - Wrist shot by Rene Bourque.
3:21 of 2nd period - Deflect By Jori Lehtera.
3:21 of 2nd period - Stopped by Jake Allen with a rebound.
3:23 of 2nd period - Snap shot by Rene Bourque.
3:23 of 2nd period - Shot Misses the Net.
3:25 of 2nd period - Snap shot by Rene Bourque.
3:25 of 2nd period - Shot Misses the Net.
3:27 of 2nd period - Backhand shot by Rene Bourque.
3:27 of 2nd period - Stopped by Jake Allen with a rebound.
3:29 of 2nd period - Snap shot by Jori Lehtera.
3:29 of 2nd period - Stopped by Jake Allen with a rebound.
3:31 of 2nd period - Snap shot by Matt Martin.
3:31 of 2nd period - Deflect By Gabriel Landeskog.
3:31 of 2nd period - Shot Misses the Net.
3:31 of 2nd period - Puck is out of play.
3:32 of 2nd period - Andrew Cogliano wins face-off versus Boone Jenner in Sharks zone.
3:59 of 2nd period - Minor Penalty to Dan Girardi for Roughing.
4:00 of 2nd period - Colton Sceviour wins face-off versus Andrew Cogliano in Sharks zone.
4:15 of 2nd period - Alex Pietrangelo is hit by Melker Karlsson and loses puck.
4:32 of 2nd period - Slapshot by Clarke MacArthur.
4:32 of 2nd period - Stopped by Jake Allen with a rebound.
4:34 of 2nd period - Snap shot by Marcus Kruger.
4:34 of 2nd period - Stopped by Jake Allen with a rebound.
4:36 of 2nd period - Slapshot by Trevor Daley.
4:36 of 2nd period - Stopped by Jake Allen with a rebound.
5:59 of 2nd period - Penalty to Dan Girardi is over, Dan Girardi is back on ice.
6:01 of 2nd period - Dan Girardi is hit by Cody Eakin and loses puck.
6:21 of 2nd period - Wrist shot by Matt Martin.
6:21 of 2nd period - Stopped by Jake Allen with a rebound.
6:23 of 2nd period - Wrist shot by Jori Lehtera.
6:23 of 2nd period - Goal by Jori Lehtera - Sharks : 0 - Blues : 1.
6:24 of 2nd period - Marcus Kruger wins face-off versus Dylan Larkin in neutral zone.
7:00 of 2nd period - Backhand shot by Sidney Crosby.
7:00 of 2nd period - Shot Misses the Net.
7:22 of 2nd period - Wrist shot by Boone Jenner.
7:22 of 2nd period - Shot Misses the Net.
7:32 of 2nd period - Jori Lehtera is hit by Braydon Coburn and loses puck.
7:39 of 2nd period - David Schlemko is hit by Dylan Larkin and loses puck.
7:54 of 2nd period - Snap shot by Jori Lehtera.
7:54 of 2nd period - Deflect By Jonathan Drouin.
7:54 of 2nd period - Shot Misses the Net.
7:54 of 2nd period - Puck is out of play.
7:55 of 2nd period - Andrew Cogliano wins face-off versus Sidney Crosby in Sharks zone.
8:00 of 2nd period - Wrist shot by Cody Eakin.
8:00 of 2nd period - Goal by Cody Eakin - Sharks : 0 - Blues : 2.
8:01 of 2nd period - Andrew Cogliano wins face-off versus Dylan Larkin in neutral zone.
8:14 of 2nd period - Wrist shot by Andrew Cogliano.
8:14 of 2nd period - Stopped by Jake Allen with a rebound.
8:16 of 2nd period - Wrist shot by Andrew Cogliano.
8:16 of 2nd period - Shot Blocked by Alex Pietrangelo.
8:26 of 2nd period - Clarke MacArthur is hit by Boone Jenner and loses puck.
8:31 of 2nd period - Wrist shot by Mikkel Boedker.
8:31 of 2nd period - Stopped by Calvin Pickard with a rebound.
8:33 of 2nd period - Wrist shot by Boone Jenner.
8:33 of 2nd period - Deflect By Mikkel Boedker.
8:33 of 2nd period - Deflect By Clarke MacArthur.
8:33 of 2nd period - Stopped by Calvin Pickard without a rebound.
8:34 of 2nd period - Boone Jenner wins face-off versus Andrew Cogliano in Blues zone.
9:26 of 2nd period - Snap shot by Sidney Crosby.
9:26 of 2nd period - Shot Misses the Net.
9:28 of 2nd period - Slapshot by Braydon Coburn.
9:28 of 2nd period - Deflect By Rene Bourque.
9:28 of 2nd period - Goal by Braydon Coburn - Sharks : 1 - Blues : 2.
9:29 of 2nd period - Andrew Cogliano wins face-off versus Dylan Larkin in neutral zone.
10:19 of 2nd period - Tyson Barrie is hit by Jamie McGinn and loses puck.
10:58 of 2nd period - Wrist shot by Teuvo Teravainen.
10:58 of 2nd period - Shot Blocked by Andrew Cogliano.
11:00 of 2nd period - Slapshot by Justin Braun.
11:00 of 2nd period - Shot Misses the Net.
11:02 of 2nd period - Slapshot by Justin Braun.
11:02 of 2nd period - Shot Blocked by Brenden Dillon.
11:04 of 2nd period - Slapshot by Steve Bernier.
11:04 of 2nd period - Stopped by Calvin Pickard without a rebound.
11:05 of 2nd period - Clarke MacArthur wins face-off versus Colton Sceviour in Blues zone.
11:24 of 2nd period - Wrist shot by Steve Bernier.
11:24 of 2nd period - Stopped by Calvin Pickard with a rebound.
11:26 of 2nd period - Wrist shot by Colton Sceviour.
11:26 of 2nd period - Stopped by Calvin Pickard with a rebound.
11:28 of 2nd period - Snap shot by Brian Gibbons.
11:28 of 2nd period - Stopped by Calvin Pickard with a rebound.
12:10 of 2nd period - Snap shot by Mikkel Boedker.
12:10 of 2nd period - Stopped by Calvin Pickard without a rebound.
12:11 of 2nd period - Andrew Cogliano wins face-off versus Sidney Crosby in Blues zone.
13:15 of 2nd period - Snap shot by Sidney Crosby.
13:15 of 2nd period - Shot Misses the Net.
13:23 of 2nd period - Snap shot by Cody Eakin.
13:23 of 2nd period - Stopped by Jake Allen without a rebound.
13:24 of 2nd period - Dylan Larkin wins face-off versus Marcus Kruger in Sharks zone.
13:24 of 2nd period - Dylan Larkin is hit by Mark Fayne.
14:47 of 2nd period - Slapshot by Rene Bourque.
14:47 of 2nd period - Stopped by Jake Allen with a rebound.
14:49 of 2nd period - Snap shot by Rene Bourque.
14:49 of 2nd period - Shot Blocked by Teuvo Teravainen.
14:51 of 2nd period - Wrist shot by Jori Lehtera.
14:51 of 2nd period - Stopped by Jake Allen without a rebound.
14:52 of 2nd period - Sidney Crosby wins face-off versus Melker Karlsson in Sharks zone.
14:54 of 2nd period - Minor Penalty to Sidney Crosby for Hooking.
14:55 of 2nd period - Colton Sceviour wins face-off versus Andrew Cogliano in Sharks zone.
15:05 of 2nd period - Snap shot by Trevor Daley.
15:05 of 2nd period - Deflect By Steve Bernier.
15:05 of 2nd period - Stopped by Jake Allen with a rebound.
15:07 of 2nd period - Wrist shot by Trevor Daley.
15:07 of 2nd period - Stopped by Jake Allen without a rebound.
15:08 of 2nd period - Colton Sceviour wins face-off versus Andrew Cogliano in Sharks zone.
15:53 of 2nd period - Justin Braun is hit by Melker Karlsson and loses puck.
16:00 of 2nd period - Trevor Daley is hit by Steve Bernier and loses puck.
16:54 of 2nd period - Penalty to Sidney Crosby is over, Sidney Crosby is back on ice.
17:13 of 2nd period - Wrist shot by Rene Bourque.
17:13 of 2nd period - Stopped by Jake Allen with a rebound.
18:05 of 2nd period - Slapshot by Zach Werenski.
18:05 of 2nd period - Deflect By Jonathan Huberdeau.
18:05 of 2nd period - Goal by Jonathan Huberdeau - Sharks : 2 - Blues : 2.
18:06 of 2nd period - Jonathan Drouin wins face-off versus Andrew Cogliano in neutral zone.
18:21 of 2nd period - Snap shot by Jonathan Drouin.
18:21 of 2nd period - Stopped by Calvin Pickard with a rebound.
18:29 of 2nd period - Minor Penalty to Andrew Cogliano for Boarding.
18:30 of 2nd period - Sidney Crosby wins face-off versus Matt Martin in Blues zone.
19:04 of 2nd period - Cody Eakin is hit by Gabriel Landeskog and loses puck.
Goals for this period are 2 for Sharks vs 2 for Blues.
Shots for this period are 12 for Sharks vs 18 for Blues.

3rd period


0:01 of 3rd period - Matt Martin wins face-off versus Sidney Crosby in neutral zone.
0:04 of 3rd period - Backhand shot by Trevor Daley.
0:04 of 3rd period - Deflect By Cody Eakin.
0:04 of 3rd period - Shot Misses the Net.
0:04 of 3rd period - Puck is out of play.
0:05 of 3rd period - Sidney Crosby wins face-off versus Matt Martin in Sharks zone.
0:12 of 3rd period - Slapshot by Alex Pietrangelo.
0:12 of 3rd period - Deflect By Trevor Daley.
0:12 of 3rd period - Stopped by Calvin Pickard with a rebound.
0:23 of 3rd period - Off-side.
0:24 of 3rd period - Jori Lehtera wins face-off versus Jonathan Drouin in neutral zone.
0:29 of 3rd period - Penalty to Andrew Cogliano is over, Andrew Cogliano is back on ice.
0:39 of 3rd period - Wrist shot by Dylan Larkin.
0:39 of 3rd period - Shot Misses the Net.
1:11 of 3rd period - Off-side.
1:12 of 3rd period - Kevin Porter wins face-off versus Dylan Larkin in neutral zone.
1:27 of 3rd period - Snap shot by Andrew Cogliano.
1:27 of 3rd period - Shot Misses the Net.
1:54 of 3rd period - Patric Hornqvist is hit by Andrew Cogliano and loses puck.
2:42 of 3rd period - Off-side.
2:43 of 3rd period - Sidney Crosby wins face-off versus Marcus Kruger in neutral zone.
3:33 of 3rd period - Jordan Oesterle is hit by Steve Bernier and loses puck.
3:54 of 3rd period - Slapshot by Sidney Crosby.
3:54 of 3rd period - Shot Misses the Net.
3:56 of 3rd period - Snap shot by Alex Pietrangelo.
3:56 of 3rd period - Stopped by Calvin Pickard with a rebound.
4:08 of 3rd period - Snap shot by Jori Lehtera.
4:08 of 3rd period - Stopped by Jake Allen without a rebound.
4:09 of 3rd period - Jori Lehtera wins face-off versus Boone Jenner in Sharks zone.
4:53 of 3rd period - Slapshot by Colton Sceviour.
4:53 of 3rd period - Goal by Colton Sceviour - Sharks : 3 - Blues : 2.
4:54 of 3rd period - Andrew Cogliano wins face-off versus Jonathan Drouin in neutral zone.
5:10 of 3rd period - Slapshot by Sidney Crosby.
5:10 of 3rd period - Stopped by Calvin Pickard with a rebound.
5:24 of 3rd period - Slapshot by Jonathan Huberdeau.
5:24 of 3rd period - Stopped by Calvin Pickard without a rebound.
5:25 of 3rd period - Jamie McGinn wins face-off versus Mikkel Boedker in Blues zone.
5:48 of 3rd period - Wrist shot by Clarke MacArthur.
5:48 of 3rd period - Shot Misses the Net.
6:18 of 3rd period - Wrist shot by Jamie McGinn.
6:18 of 3rd period - Stopped by Jake Allen with a rebound.
6:20 of 3rd period - Slapshot by Jordan Oesterle.
6:20 of 3rd period - Shot Misses the Net.
6:22 of 3rd period - Slapshot by Jordan Oesterle.
6:22 of 3rd period - Shot Blocked by Gabriel Landeskog.
6:24 of 3rd period - Snap shot by Jamie McGinn.
6:24 of 3rd period - Shot Misses the Net.
6:26 of 3rd period - Snap shot by Jordan Oesterle.
6:26 of 3rd period - Stopped by Jake Allen with a rebound.
6:28 of 3rd period - Slapshot by Jordan Oesterle.
6:28 of 3rd period - Shot Blocked by Justin Braun.
6:30 of 3rd period - Wrist shot by Jamie McGinn.
6:30 of 3rd period - Shot Blocked by Dan Girardi.
6:36 of 3rd period - Wrist shot by Jamie McGinn.
6:36 of 3rd period - Stopped by Jake Allen with a rebound.
6:50 of 3rd period - Wrist shot by Clarke MacArthur.
6:50 of 3rd period - Shot Blocked by Sidney Crosby.
6:52 of 3rd period - Snap shot by Jamie McGinn.
6:52 of 3rd period - Stopped by Jake Allen without a rebound.
6:53 of 3rd period - Dylan Larkin wins face-off versus Andrew Cogliano in Sharks zone.
7:02 of 3rd period - Wrist shot by Teuvo Teravainen.
7:02 of 3rd period - Shot Misses the Net.
7:18 of 3rd period - Brenden Dillon is hit by Mikkel Boedker and loses puck.
7:27 of 3rd period - Snap shot by Matt Martin.
7:27 of 3rd period - Shot Blocked by Alex Pietrangelo.
8:17 of 3rd period - Alexey Marchenko is hit by Boone Jenner and loses puck.
9:37 of 3rd period - Jori Lehtera is hit by Patric Hornqvist.
10:24 of 3rd period - Clarke MacArthur is hit by Braydon Coburn and loses puck.
10:51 of 3rd period - Off-side.
10:52 of 3rd period - Jori Lehtera wins face-off versus Teuvo Teravainen in neutral zone.
10:59 of 3rd period - Off-side.
11:00 of 3rd period - Jori Lehtera wins face-off versus Jonathan Drouin in neutral zone.
11:13 of 3rd period - Slapshot by Sidney Crosby.
11:13 of 3rd period - Stopped by Calvin Pickard without a rebound.
11:14 of 3rd period - Sidney Crosby wins face-off versus Andrew Cogliano in Blues zone.
11:23 of 3rd period - Snap shot by Sidney Crosby.
11:23 of 3rd period - Stopped by Calvin Pickard with a rebound.
11:25 of 3rd period - Slapshot by Dan Girardi.
11:25 of 3rd period - Stopped by Calvin Pickard with a rebound.
11:27 of 3rd period - Slapshot by Justin Braun.
11:27 of 3rd period - Stopped by Calvin Pickard with a rebound.
11:29 of 3rd period - Wrist shot by Sidney Crosby.
11:29 of 3rd period - Stopped by Calvin Pickard with a rebound.
11:31 of 3rd period - Wrist shot by Sidney Crosby.
11:31 of 3rd period - Shot Misses the Net.
11:41 of 3rd period - Teuvo Teravainen is hit by Trevor Daley and loses puck.
11:50 of 3rd period - Wrist shot by Clarke MacArthur.
11:50 of 3rd period - Stopped by Jake Allen without a rebound.
11:51 of 3rd period - Marcus Kruger wins face-off versus Boone Jenner in Sharks zone.
12:06 of 3rd period - Wrist shot by Mikkel Boedker.
12:06 of 3rd period - Stopped by Calvin Pickard without a rebound.
12:07 of 3rd period - Sidney Crosby wins face-off versus Andrew Cogliano in Blues zone.
13:21 of 3rd period - Backhand shot by Rene Bourque.
13:21 of 3rd period - Shot Misses the Net.
13:23 of 3rd period - Slapshot by Trevor Daley.
13:23 of 3rd period - Shot Blocked by Mikkel Boedker.
14:58 of 3rd period - Slapshot by Marcus Kruger.
14:58 of 3rd period - Shot Blocked by Braydon Coburn.
15:00 of 3rd period - Snap shot by Jamie McGinn.
15:00 of 3rd period - Deflect By Clarke MacArthur.
15:00 of 3rd period - Stopped by Jake Allen with a rebound.
15:02 of 3rd period - Slapshot by Alexey Marchenko.
15:02 of 3rd period - Shot Misses the Net.
16:05 of 3rd period - Mark Fayne is hit by Patric Hornqvist and loses puck.
16:24 of 3rd period - David Schlemko is hit by Jonathan Huberdeau and loses puck.
16:46 of 3rd period - Jordan Oesterle is hit by Zach Werenski and loses puck.
16:57 of 3rd period - Clarke MacArthur is hit by Gabriel Landeskog and loses puck.
17:16 of 3rd period - Andrew Cogliano is hit by Patric Hornqvist and loses puck.
18:31 of 3rd period - Marcus Kruger is hit by Mikkel Boedker and loses puck.
18:38 of 3rd period - Mikkel Boedker is hit by Clarke MacArthur and loses puck.
19:43 of 3rd period - Blues, Calvin Pickard is pulled from the net.
19:43 of 3rd period - Snap shot by Cody Eakin.
19:43 of 3rd period - Shot Blocked by Zach Werenski.
19:45 of 3rd period - Wrist shot by Kevin Porter.
19:45 of 3rd period - Shot Misses the Net.
19:47 of 3rd period - Wrist shot by Andrew Cogliano.
19:47 of 3rd period - Stopped by Jake Allen without a rebound.
19:48 of 3rd period - Brent Thompson call a timeout for Blues.
19:48 of 3rd period - Kevin Porter wins face-off versus Sidney Crosby in Sharks zone.
19:49 of 3rd period - Slapshot by Cody Eakin.
19:49 of 3rd period - Stopped by Jake Allen with a rebound.
19:51 of 3rd period - Slapshot by Cody Eakin.
19:51 of 3rd period - Deflect By Kevin Porter.
19:51 of 3rd period - Stopped by Jake Allen with a rebound.
Goals for this period are 1 for Sharks vs 0 for Blues.
Shots for this period are 11 for Sharks vs 10 for Blues.